 Dungeon Crawl Stone Soup version 0.25-a0-578-gc91f01c (webtiles) character file.

Game seed: 14051178846854438438, levelgen mode: deterministic

24 15 the Firebug (level 2, 0/15 HPs)
             Began as a Deep Elf Fire Elementalist on Mar 4, 2020.
             Killed from afar by a dart slug (2 damage)
             ... with a slug dart
             ... on level 1 of the Dungeon.
             The game lasted 00:02:22 (685 turns).

15 the Firebug (Deep Elf Fire Elementalist)          Turns: 685, Time: 00:02:22

Health: 0/15       AC:  2    Str:  5    XL:     2   Next: 79%
Magic:  8/8        EV: 13    Int: 19    God:
Gold:   54         SH:  0    Dex: 15    Spells: 7/8 levels left

rFire    . . .     SeeInvis .   h - +0 dagger
rCold    . . .     Gourm    .   (no shield)
rNeg     . . .     Faith    .   a - +0 robe
rPois    .         Spirit   .   (no helmet)
rElec    .         Reflect  .   (no cloak)
rCorr    .         Harm     .   (no gloves)
MR       .....                  (no boots)
Stlth    ++........             (no amulet)
HPRegen  0.05/turn              (no ring)
MPRegen  0.11/turn              (no ring)

@: no status effects
A: no striking features
a: no special abilities


You were on level 1 of the Dungeon.
You were not hungry.

You visited 1 branch of the dungeon, and saw 1 of its levels.

You collected 54 gold pieces.

Inventory:

Hand Weapons
 h - a +0 dagger (weapon)
Armour
 a - a +0 robe (worn)
 g - a +0 helmet
Scrolls
 f - 2 scrolls of remove curse {unknown}
Potions
 d - a potion of heal wounds {unknown}
Comestibles
 b - 5 chunks of flesh
 c - a ration


   Skills:
 + Level 2.7 Dodging
 + Level 2.4 Stealth
 + Level 3.5 Spellcasting
 + Level 1.1 Conjurations
 + Level 4.1 Fire Magic


You had 7 spell levels left.
You knew the following spells:

 Your Spells              Type           Power        Failure   Level  Hunger
a - Foxfire               Conj/Fire      ##..         4%          1    None

Your spell library contained the following spells:

 Spells                   Type           Power        Failure   Level  Hunger
 Conjure Flame            Conj/Fire      ##......     16%         3    ###....
 Inner Flame              Hex/Fire       ##......     19%         3    ###....
 Sticky Flame             Conj/Fire      ##......     45%         4    ####...
 Fireball                 Conj/Fire      ##........   80%         5    ######.


Dungeon Overview and Level Annotations

Branches:
Dungeon (1/15)

Altars:


Message History

The ooze hits you.
Casting: Foxfire (safe; 5% risk of failure)
Confirm with . or Enter, or press ? or * to list all spells.
You conjure some foxfire!
The ooze hits you.
Casting: Foxfire (safe; 5% risk of failure)
Confirm with . or Enter, or press ? or * to list all spells.
You conjure some foxfire!
The foxfire hits the ooze.
The ooze is heavily wounded.
The foxfire hits the ooze.
The ooze is severely wounded.
The ooze hits you.
* * * LOW HITPOINT WARNING * * *
The foxfire hits the ooze.
You kill the ooze!
Your Fire Magic skill increases to level 4!
You start resting.
Magic restored.
The dart slug launches a dart at you. The slug dart hits you.
You die...

######....
#.......w.
#.........
###........
#........###
#...........
#.........#
#..†......#
#...@.....#
####.........#
............># ...
######......### ...
########.........
...
#.........#.........
...
+.........#.........
...
#.........#.........
...
#.........#.........


You could see a dart slug.

Vanquished Creatures
  An ooze (D:1)
  A dart slug (D:1)
  A giant cockroach (D:1)
  4 hobgoblins (D:1)
  2 jackals (D:1)
  A bat (D:1)
  4 frilled lizards (D:1)
  2 goblins (D:1)
  2 rats (D:1)
18 creatures vanquished.

Vanquished Creatures (others)
  52 foxfires (D:1)
52 creatures vanquished.

Grand Total: 70 creatures vanquished

Notes
Turn   | Place    | Note
-------+----------+-------------------------------------------
     0 | D:1      | 15 the Deep Elf Fire Elementalist began the quest for the
                  | Orb.
     0 | D:1      | Reached XP level 1. HP: 10/10 MP: 6/6
   232 | D:1      | Reached XP level 2. HP: 5/15 MP: 4/8
   658 | D:1      | Reached skill level 4 in Fire Magic
   685 | D:1      | Killed from afar by a dart slug

Levels and vault maps discovered:
D:1:      mrwooster_arrival_statue_3, layout_basic

Skill      XL: |  1  2 |
---------------+-------+-----
Fire Magic     | 4 |  4.1
Dodging        | |  2.7
Stealth        | |  2.4
Spellcasting   | |  3.5
Conjurations   | |  1.1

Action                   || total
-------------------------++-------
Melee: Short sword       ||     4
       Unarmed           ||     3
       Dagger            ||     1
 Cast: Foxfire           ||    35
Armor: Robe              ||     3
Dodge: Dodged            ||     3

Table legend:
 A = Non-vault XP
 B = Vault XP
 C = Vault XP percentage of total XP
 D = Non-vault monster count
 E = Vault monster count
 F = Vault count percentage of total count
                 A         B        C        D         E       F
            +---------+---------+-------+---------+---------+-------
      Total |      35 |       0 |   0.0 |      18 |       0 |   0.0
            +---------+---------+-------+---------+---------+-------
        D:1 |      35 |       0 |   0.0 |      18 |       0 |   0.0
            +---------+---------+-------+---------+---------+-------
